 Dungeon Crawl Stone Soup version 0.28-a0-577-gb193047a1f (webtiles) character file.

Game seed: 5067391963408953040

38915 Spaninq the Destroyer (level 13, -4/101 HPs)
             Began as a Demigod Summoner on Oct 1, 2021.
             Slain by an ogre (13 damage)
             ... on level 2 of the Orcish Mines.
             The game lasted 02:04:06 (23500 turns).

Spaninq the Destroyer (Demigod Summoner)           Turns: 23500, Time: 02:04:06

Health: -4/101     AC: 11    Str: 12    XL:     13   Next: 32%
Magic:  21/32      EV: 12    Int: 36    God:
Gold:   1459       SH:  7    Dex: 18    Spells: 15/32 levels left

rFire   + + .      SeeInvis +   w - +9 short sword of Reason {vorpal, Int+3 Dex+3 Stlth+}
rCold   . . .      Faith    .   y - +2 buckler
rNeg    . . .      Spirit   .   E - +0 steam dragon scales
rPois   .          Reflect  .   R - +2 helmet
rElec   +          Harm     .   v - +0 cloak
rCorr   .          Rampage  .   Q - +0 pair of gloves "Legesaf" {rF++ rC+ Str+3 Dex-5}
Will    +....                   x - +0 pair of boots
Stlth   +++.......              B - amulet of magic regeneration
HPRegen 0.26/turn               d - +4 ring of slaying
MPRegen 0.48/turn               I - ring "Xysheadgh" {rElec rC- Dex+6 Slay+5 SInv}

@: hasted, very quick
A: high mp 1, forlorn
a: no special abilities


You were on level 2 of the Orcish Mines.
You visited 4 branches of the dungeon, and saw 20 of its levels.
You also visited: Sewer and Bailey.

You collected 1715 gold pieces.
You spent 256 gold pieces at shops.

Inventory:

Hand Weapons
 w - the +9 short sword of Reason (weapon) {vorpal, Int+3 Dex+3 Stlth+}
   (You bought it in a shop on level 8 of the Dungeon)

   It inflicts extra damage upon your enemies.
   Int:       It affects your intelligence (+3).
   Dex:       It affects your dexterity (+3).
   Stlth:     It makes you more stealthy.
 M - the +8 autumn katana {vorpal, Clar}
   (You found it on level 1 of the Lair of Beasts)

   It inflicts extra damage upon your enemies.
   Clar:      It protects you against confusion.
Missiles
 G - 2 throwing nets
Armour
 o - a +0 pair of gloves
 v - a +0 cloak (worn)
 x - a +0 pair of boots (worn)
 y - a +2 buckler (worn)
 E - +0 steam dragon scales (worn)
 O - the +0 pair of gloves of Rihom {+Inv rPois Will+ Int-5}
   (You found it on level 2 of the Lair of Beasts)

   Int:       It affects your intelligence (-5).
   rPois:     It protects you from poison.
   +Inv:      It lets you turn invisible.
   Will:      It increases your willpower.
 Q - the +0 pair of gloves "Legesaf" (worn) {rF++ rC+ Str+3 Dex-5}
   (You found it on level 4 of the Lair of Beasts)

   Str:       It affects your strength (+3).
   Dex:       It affects your dexterity (-5).
   rF:        It greatly protects you from fire.
   rC:        It protects you from cold.
 R - a +2 helmet (worn)
 T - a scarf of harm
Jewellery
 c - a ring of protection from fire
 d - a +4 ring of slaying (left hand)
 l - an amulet of the acrobat
 q - a ring of protection from fire
 B - an amulet of magic regeneration (around neck)
 C - a ring of resist corrosion
 F - a ring of wizardry
 I - the ring "Xysheadgh" (right hand) {rElec rC- Dex+6 Slay+5 SInv}
   (You acquired it on level 3 of the Lair of Beasts)

   [ring of dexterity]

   Dex:       It affects your dexterity (+6).
   Slay:      It affects your accuracy & damage with ranged weapons and melee
   (+5).
   rC:        It makes you vulnerable to cold.
   rElec:     It insulates you from electricity.
   SInv:      It lets you see invisible.
 V - a ring of ice
Wands
 a - a wand of iceblast (19)
 i - a wand of acid (5)
 m - a wand of paralysis (15)
 p - a wand of digging (20)
 D - a wand of flame (52)
Scrolls
 f - 2 scrolls of magic mapping
 h - 2 scrolls of identify
 j - 5 scrolls of teleportation
 r - a scroll of acquirement
 H - a scroll of enchant armour
 N - 2 scrolls of silence
 P - 2 scrolls of holy word
 S - a scroll of fear
 U - 2 scrolls of summoning
Potions
 b - 7 potions of might
 e - 3 potions of brilliance
 g - 6 potions of flight
 k - 3 potions of magic
 n - 2 potions of attraction
 s - 7 potions of haste
 t - a potion of resistance
 u - a potion of ambrosia
 z - 2 potions of curing
 A - 2 potions of mutation
 J - 2 potions of cancellation
 K - 2 potions of heal wounds
Miscellaneous
 L - a box of beasts (inert)


   Skills:
 + Level 5.4 Fighting
 + Level 3.2 Short Blades
 - Level 1.9 Dodging
 - Level 1.9 Stealth
 - Level 4.0 Shields
 * Level 10.2 Spellcasting
 * Level 10.7 Conjurations
 - Level 9.0 Summonings
 * Level 10.7 Air Magic
 - Level 4.0 Evocations


You had 15 spell levels left.
You knew the following spells:

 Your Spells              Type           Power      Damage    Failure   Level
a - Summon Small Mammal   Summ           100%       N/A       1%          1
b - Call Imp              Summ           70%        N/A       1%          2
c - Call Canine Familiar  Summ           70%        N/A       1%          3
d - Static Discharge      Conj/Air       77%        N/A       1%          2
e - Summon Lightning Spi  Summ/Air       73%        N/A       1%          4
f - Lightning Bolt        Conj/Air       38%        1d57      1%          5

Your spell library contained the following spells:

 Spells                   Type           Power      Damage    Failure   Level
 Foxfire                  Conj/Fire      100%       2x1d9     1%          1
 Conjure Flame            Conj/Fire      54%        6-21      1%          3
 Stone Arrow              Conj/Erth      100%       3d13      1%          3
 Summon Guardian Golem    Hex/Summ       50%        N/A       1%          3
 Sandblast                Erth           36%        2d10      2%          1
 Flame Wave               Conj/Fire      54%        3d10      2%          4
 Fulminant Prism          Conj/Hex       27%        3d14      2%          4
 Iskenderun's Mystic Bla  Conj/Tloc      54%        2d12      2%          4
 Ensorcelled Hibernation  Hex/Ice        36%        N/A       3%          2
 Passwall                 Tmut/Erth      15%        N/A       3%          2
 Slow                     Hex            18%        N/A       3%          2
 Confusing Touch          Hex            18%        N/A       7%          3
 Inner Flame              Hex/Fire       18%        N/A       7%          3
 Spider Form              Tmut/Pois      9%         N/A       7%          3
 Tukima's Dance           Hex            18%        N/A       7%          3
 Passage of Golubria      Tloc           N/A        N/A       22%         4
 Lee's Rapid Deconstruct  Erth           9%         3d8*      54%         5
 Yara's Violent Unravell  Hex/Tmut       9%         3d6       54%         5
 Maxwell's Capacitive Co  Air            38%        ∞         88%         8


Dungeon Overview and Level Annotations

Branches:
Dungeon (11/15)            Temple (1/1) D:4            Lair (6/6) D:8
 Shoals (0/4) Lair:4        Snake (0/4) Lair:4          Orc (2/2) D:11
    Elf (0/3) Orc:2         Sewer (visited)          Bailey (visited)
  Slime: Lair:5-6

Shops:
D:1 ?   D:8 (   Orc:1 (   Orc:2 [*

Annotations:
D:11 Erolcha
Lair:4 3 runed translucent doors, mdk's ghost, adept HuCj
Lair:6 1 runed translucent door


Innate Abilities, Weirdness & Mutations

Your attributes grow dramatically as you level up.
You have an increased reservoir of magic. (+10% MP)
You shall have no god before yourself.


Message History

The two-headed ogre hits your warg with a +0 giant club.
The ogre mage hits you from afar with a +0 halberd!
* * * LOW HITPOINT WARNING * * *
An orc comes into view. It is wielding a +0 short sword.
Your warg bites the two-headed ogre!
The two-headed ogre hits your warg with a +0 giant club!
The two-headed ogre hits your warg with a +0 giant club!!
Your warg dies!
Your warg's corpse disappears in a puff of smoke!
Things that are here:
a +0 dagger; a +0 flail; a +0 leather armour The ogre mage barely misses you.
Casting: Lightning Bolt (mildly dangerous; 1% risk of failure)
Confirm with . or Enter, or press ? or * to list all spells.
An electric hum fills the air.
The two-headed ogre hits you with a +0 giant club.
* * * LOW HITPOINT WARNING * * *
The two-headed ogre barely misses you. The ogre mage closely misses you.
Your lightning spire shoots out a bolt of lightning at the two-headed ogre!
The bolt of electricity hits the two-headed ogre!
The two-headed ogre dies!
The ogre mage completely misses your lightning spire.
Press: ? - help, v - describe, . - travel, g - get item
Here: an ogre mage, wielding a +0 halberd and wearing a +0 robe (lightly wounded, fast, slightly transparent)
Items here: a +0 giant club; a +0 giant club; a two-headed ogre corpse.
The floor.
The ogre mage hits your lightning spire with a +0 halberd!
The ogre mage hits your lightning spire with a +0 halberd!
An ogre comes into view. It is wielding a +0 giant spiked club.
The ogre mage hits your lightning spire with a +0 halberd.
Casting: Summon Lightning Spire (safe; 1% risk of failure)
Confirm with . or Enter, or press ? or * to list all spells.
An electric hum fills the air.
The ogre completely misses your lightning spire.
You block the ogre's attack.
Your lightning spire shoots out a bolt of lightning at the ogre!
The bolt of electricity hits the ogre!
The ogre hits your lightning spire with a +0 giant spiked club!
The ogre hits you with a +0 giant club!
You die...

......... ###.......
........###.......# ###
#.......#.#......# ##..##
................# ##...#.
#....>........## #.....#
###...<..).#..# ###......
#......)##### #.#......
####....).....# ####..O....
##.#.......@...###.###....O.
#........#O...).#...#.....8.
##.o)....#....O.#...........
##.......###..8).#.......#.##
####.......##
#...O.........###. #.#........#
#........)....# #. #........###
###.........### ## ###.......#
###.........#### #
#........#####............#.###


You could see 3 ogres and a friendly lightning spire (summoned).

Vanquished Creatures
  Josephine (Lair:5)
  A hydra (Lair:1)
  An ogre mage (Orc:2)
  A two-headed ogre (D:11)
  A death yak (Lair:5)
  An orc high priest (Orc:1)
  Nergalle (D:11)
  A manticore (D:11)
  A cyclops (Orc:1)
  A black mamba (Lair:4)
  Joseph (Lair:1)
  An elephant (Lair:4)
  Maggie (D:8)
  3 cane toads (Lair:5)
  A nameless horror (D:6)
  3 komodo dragons
  A troll (Orc:2)
  2 blink frogs (Lair:1)
  4 dream sheep (Lair:5)
  A meliai zombie (D:11)
  A wyvern (D:10)
  Sigmund (D:5)
  3 wraiths (Lair:5)
  6 yaks
  3 water moccasins (Lair:5)
  An ice beast (D:5)
  3 orc warriors
  A sky beast (D:6)
  An ogre (Orc:2)
  4 wolves
  2 centaurs (D:11)
  5 bullfrogs
  4 killer bees
  A wight (D:9)
  2 electric eels (D:8)
  A hound (D:6)
  A jelly (D:4)
  Crazy Yiuf (D:5)
  An iguana (D:6)
  6 orc wizards
  A hound skeleton (D:4)
  A howler monkey zombie (D:9)
  8 gnolls (Bailey)
  An adder (D:2)
  A river rat (D:6)
  A white imp (D:6)
  An ufetubus (D:6)
  An adder skeleton (D:4)
  A worm (D:2)
  2 dart slugs (D:2)
  11 orcs
  2 endoplasms
  2 goblins
  5 hobgoblins
  5 kobolds (Bailey)
  A quokka (D:2)
  A bat (D:3)
  A frilled lizard (D:2)
  5 rats
127 creatures vanquished.

Vanquished Creatures (collateral kills)
  Nessos (Lair:4)
  Snorg (Lair:4)
  4 hydras
  A two-headed ogre (Orc:2)
  An ogre mage (Orc:2)
  3 death yaks (Lair:5)
  A cyclops (Orc:1)
  2 elephants (Lair:4)
  5 black mambas
  A gargoyle (D:11)
  A rime drake (Lair:4)
  8 cane toads
  5 komodo dragons
  Psyche (D:8)
  3 polar bears
  2 trolls
  7 blink frogs (Lair:1)
  Grinder (D:5)
  A dream sheep (Lair:5)
  21 yaks
  2 wyverns
  2 wraiths (Lair:5)
  A vampire (D:10)
  2 steam dragons
  Grum (Lair:1)
  6 water moccasins
  7 orc warriors
  A necrophage (D:6)
  2 black bears
  7 centaurs
  3 ogres
  7 wolves
  A phantom (D:4)
  A kobold brigand (Sewer)
  11 bullfrogs
  2 scorpions (D:5)
  A water moccasin zombie (D:3)
  6 wights
  4 killer bees
  2 howler monkeys
  A bullfrog zombie (D:6)
  A lava snake (D:8)
  2 centaur zombies
  4 orc priests
  4 hounds
  3 jellies
  A bullfrog skeleton (D:6)
  Jessica (D:2)
  2 iguanas (D:5)
  7 orc wizards
  5 gnolls (Bailey)
  6 adders
  A shadow imp (D:8)
  An ufetubus (D:4)
  A worm (D:4)
  41 orcs
  2 bats
  4 endoplasms
  2 giant cockroaches
  9 goblins
  10 hobgoblins
  4 jackals
  2 quokkas
  2 ball pythons
  2 frilled lizards (D:3)
  8 kobolds
  2 rats
  3 butterflies
270 creatures vanquished.

Vanquished Creatures (others)
  28 fungi
  44 plants
72 creatures vanquished.

Grand Total: 469 creatures vanquished

Notes
Turn   | Place    | Note
-------+----------+-------------------------------------------
     0 | D:1      | Spaninq the Demigod Summoner began the quest for the Orb.
     0 | D:1      | Reached XP level 1. HP: 14/14 MP: 5/5
   454 | D:1      | Found Dijicsish's Magic Scroll Boutique.
   994 | D:2      | Reached XP level 2. HP: 20/20 MP: 4/7
   997 | D:2      | Learned a level 2 spell: Call Imp
  1167 | D:2      | Noticed Jessica
  1179 | D:2      | Killed Jessica
  1180 | D:2      | Reached XP level 3. HP: 10/27 MP: 5/9
  1187 | D:2      | Learned a level 3 spell: Call Canine Familiar
  1394 | D:2      | Reached skill level 1 in Fighting
  2828 | D:3      | Reached XP level 4. HP: 21/35 MP: 3/11
  2960 | D:3      | Learned a level 2 spell: Static Discharge
  3341 | D:3      | Reached XP level 5. HP: 21/40 MP: 6/12
  4091 | D:4      | Reached skill level 1 in Conjurations
  4091 | D:4      | Reached skill level 1 in Air Magic
  4180 | D:4      | Found a staircase to the Ecumenical Temple.
  4187 | Temple   | Entered the Ecumenical Temple
  4456 | D:4      | Reached XP level 6. HP: 34/48 MP: 12/14
  4841 | D:5      | Entered Level 5 of the Dungeon
  4964 | D:5      | Noticed Grinder
  4978 | D:5      | Paralysed by Grinder for 5 turns
  4988 | D:5      | Paralysed by Grinder for 5 turns
  4997 | D:5      | Paralysed by Grinder for 5 turns
  5021 | D:5      | Killed Grinder
  5128 | D:5      | Found a runed translucent door.
  5129 | D:5      | Noticed Crazy Yiuf
  5161 | D:5      | Killed Crazy Yiuf
  5329 | D:5      | Noticed Sigmund
  5338 | D:5      | Killed Sigmund
  5339 | D:5      | Reached XP level 7. HP: 56/56 MP: 12/16
  5383 | D:5      | Identified the +2 robe "Gen Nutz" {Will- Regen+ Str+6}
  5938 | D:5      | Learned a level 4 spell: Summon Lightning Spire
  6424 | D:6      | Identified the +5 chain mail of Zokloarph {Drain rC+ rN+}
  6472 | D:6      | Reached skill level 1 in Shields
  6472 | D:6      | Reached XP level 8. HP: 60/63 MP: 3/18
  6628 | D:6      | Reached skill level 5 in Spellcasting
  6793 | D:6      | Found a glowing drain.
  6797 | Sewer    | Entered a sewer
  7262 | D:6      | Noticed a nameless horror
  7539 | D:6      | Killed a nameless horror
  9066 | D:7      | Reached skill level 5 in Conjurations
  9296 | D:7      | Reached skill level 5 in Air Magic
  9846 | D:8      | Reached skill level 5 in Summonings
  9846 | D:8      | Reached XP level 9. HP: 69/69 MP: 17/21
  9866 | D:8      | Noticed Maggie
  9897 | D:8      | Killed Maggie
 10013 | D:8      | Found Turouts's Antique Weapon Shop.
 10343 | D:8      | Bought a crystal short sword for 256 gold pieces
 10343 | D:8      | Identified the +9 short sword of Reason {vorpal, Int+3
                  | Dex+3 Stlth+} (You bought it in a shop on level 8 of the
                  | Dungeon)
 10443 | D:8      | Found a staircase to the Lair.
 10460 | D:8      | Noticed Psyche
 10487 | D:8      | Killed Psyche
 10533 | D:8      | Learned a level 5 spell: Lightning Bolt
 11453 | D:9      | Reached XP level 10. HP: 77/77 MP: 2/24
 12127 | D:10     | Entered Level 10 of the Dungeon
 13061 | D:11     | Noticed a boulder beetle
 13063 | D:11     | Noticed Nergalle
 13080 | D:11     | Noticed a manticore
 13087 | D:11     | Killed Nergalle
 13098 | D:11     | Killed a manticore
 13107 | D:11     | Reached skill level 1 in Evocations
 13111 | D:11     | Noticed a two-headed ogre
 13115 | D:11     | Killed a two-headed ogre
 13122 | D:11     | Found a staircase to the Orcish Mines.
 13227 | D:11     | Noticed an eight-headed hydra
 13241 | D:11     | Killed an eight-headed hydra
 13242 | D:11     | Reached XP level 11. HP: 42/82 MP: 26/26
 13249 | D:11     | Found a flagged portal.
 13276 | Bailey   | Entered a bailey
 14366 | D:11     | Noticed Erolcha
 14383 | D:11     | Noticed a boulder beetle
 14469 | Lair:1   | Entered Level 1 of the Lair of Beasts
 15105 | Lair:1   | Noticed a seven-headed hydra
 15114 | Lair:1   | Killed a seven-headed hydra
 15340 | Lair:1   | Found the +8 autumn katana {vorpal, Clar}
 15368 | Lair:1   | Noticed Grum
 15372 | Lair:1   | Killed Grum
 15522 | Lair:1   | Noticed Joseph
 15549 | Lair:1   | Killed Joseph
 16134 | Lair:2   | Identified the +0 pair of gloves of Rihom {+Inv rPois Will+
                  | Int-5}
 17275 | Lair:3   | Acquired the ring "Xysheadgh" {rElec rC- Dex+6 Slay+5 SInv}
 17444 | Lair:3   | Noticed an eight-headed hydra
 17468 | Lair:3   | Killed an eight-headed hydra
 18490 | Lair:4   | Noticed Nessos
 18498 | Lair:3   | Reached XP level 12. HP: 26/91 MP: 21/29
 19177 | Lair:4   | Killed Nessos
 19369 | Lair:4   | Noticed mdk's ghost (adept HuCj)
 19421 | Lair:4   | Noticed a six-headed hydra
 19439 | Lair:4   | Killed a six-headed hydra
 19453 | Lair:4   | Identified the +0 pair of gloves "Legesaf" {rF++ rC+ Str+3
                  | Dex-5}
 19565 | Lair:4   | Found a staircase to the Shoals.
 19682 | Lair:4   | Reached skill level 1 in Short Blades
 19720 | Lair:4   | Found a runed translucent gate.
 19721 | Lair:4   | Found a runed translucent gate.
 19722 | Lair:4   | Found a runed translucent gate.
 19766 | Lair:4   | Found a staircase to the Snake Pit.
 20142 | Lair:4   | Noticed Snorg
 20154 | Lair:4   | Killed Snorg
 20547 | Lair:5   | Noticed an eight-headed hydra
 20554 | Lair:5   | Killed an eight-headed hydra
 20759 | Lair:5   | Reached skill level 10 in Conjurations
 20778 | Lair:5   | Reached skill level 10 in Air Magic
 21375 | Lair:5   | Reached XP level 13. HP: 99/99 MP: 22/31
 21418 | Lair:5   | Noticed Josephine
 21444 | Lair:5   | Reached skill level 5 in Fighting
 21838 | Lair:5   | Killed Josephine
 21839 | Lair:5   | Reached skill level 10 in Spellcasting
 22129 | Lair:6   | Entered Level 6 of the Lair of Beasts
 22154 | Lair:6   | Found a runed translucent door.
 22345 | Orc:1    | Entered Level 1 of the Orcish Mines
 22652 | Orc:1    | Found Idaymela's Weapon Emporium.
 22928 | Orc:2    | Entered Level 2 of the Orcish Mines
 22928 | Orc:2    | Found a staircase to the Elven Halls.
 23424 | Orc:2    | Found Maq Iss's Assorted Antiques.
 23424 | Orc:2    | Found Ryizeipa's Antique Armour Emporium.
 23500 | Orc:2    | Slain by an ogre

Illustrated notes

Levels and vault maps discovered:
D:1:      nagdon_arrival_double_spiral, layout_rooms, serial_shops, shop_coins
D:2:      layout_basic, shapermc_ecumenical_altar_petra, uniq_jessica
D:3:      layout_loops_cross, nicolae_overflow_crystal_walls,
          mainiacjoe_overflow_surrounded_room
D:4:      layout_cave_pools, mainiacjoe_overflow_alcove_1,
          minmay_temple_entry_drinking_statues, kennysheep_decorative_pillar
D:5:      layout_basic, supply_closet_lemuel, uniq_sigmund,
          uniq_crazy_yiuf_cottage, uniq_grinder
D:6:      layout_cave_pods, grunt_gozag_breadcrumbs, gup_sewer_entry_bowl
D:7:      layout_gridville, tgw_sif, xom_butterflies, minivault_23, minivault_10
D:8:      layout_loops_ring, nicolae_uskayaw_suspiria, erik_lair_island,
          serial_shops, shop, chequers_serial_rivers_room_a, uniq_maggie,
          uniq_psyche
D:9:      layout_loops_cross, mainiacjoe_overflow_six_doors_small,
          fedhas_altar_2
D:10:     layout_small_grid, lemuel_crystal_altar,
          gammafunk_temple_overflow_pools, minivault_5, lemuel_flamethrower_2
D:11:     layout_cave_pools, orc_0_dummy, enter_bailey_4,
          ebering_ghost_disaster_area, uniq_nergalle, uniq_erolcha
Temple:   cyrus_temple_forest
Lair:1:   layout_roguey, grunt_megastairs_1, uniq_joseph, uniq_grum
Lair:2:   layout_cave_pods
Lair:3:   layout_regular_city, basic_altar
Lair:4:   layout_cave_pods, minmay_shoals_entry_centaurs,
          guppyfry_snake_entry_garden, gammafunk_ghost_icy, uniq_nessos,
          uniq_snorg
Lair:5:   layout_misc_corridors, cheibrodos_lair_reptile_den,
          grunt_megastairs_3, lemuel_fruit_fields, uniq_josephine
Lair:6:   wormcave, layout_loops_ring, slime_dummy, special_room
          [special_room_mythical_zoo]
Orc:1:    layout_caves, serial_shops, nicolae_shop_statue_plus, basic_altar
Orc:2:    st_orc_ogre_mass, layout_diamond_mine

Skill      XL: |  1  2  3  4  5  6  7  8  9 10 11 12 13 |
---------------+----------------------------------------+-----
Spellcasting   | 2 3 4 5 6 7 8 9 10 | 10.2
Summonings     | 4 5 6 7 8 9 |  9.0
Fighting       | 1 2 3 4 5 |  5.4
Conjurations   | 1 3 4 5 6 7 8 10 | 10.7
Air Magic      | 1 3 4 5 6 7 8 10 | 10.7
Shields        | 1 3 4 |  4.0
Evocations     | 1 3 4 |  4.0
Short Blades   | 2 3 |  3.2
Dodging        | |  1.9
Stealth        | |  1.9

Action                   |  1- 3 |  4- 6 |  7- 9 | 10-12 | 13-15 || total
-------------------------+-------+-------+-------+-------+-------++-------
Melee: Dagger            |     4 |       |       |       |       ||     4
       Mace              |    25 |     7 |       |       |       ||    32
       Short sword       |       |    29 |   147 |   112 |    12 ||   300
       Katana            |       |       |       |       |     2 ||     2
 Cast: Summon Small Mamm |    53 |    56 |    72 |     9 |     1 ||   191
       Call Imp          |    14 |    18 |    31 |    14 |     2 ||    79
       Call Canine Famil |       |    14 |    36 |    47 |     7 ||   104
       Summon Lightning  |       |       |    49 |   121 |    22 ||   192
       Lightning Bolt    |       |       |     4 |    45 |    15 ||    64
Evoke: Wand              |       |       |     3 |       |       ||     3
       Box of beasts     |       |       |       |       |     1 ||     1
  Use: Potion            |       |     2 |     3 |    13 |     1 ||    19
       Scroll            |       |       |    15 |     2 |     6 ||    23
 Stab: Distracted        |       |       |     3 |     5 |       ||     8
       Sleeping          |       |       |       |     3 |       ||     3
Armor: Robe              |     7 |     7 |    20 |       |       ||    34
       Skin              |       |       |    56 |    26 |       ||    82
       Steam dragon scal |       |       |     1 |    34 |     2 ||    37
Dodge: Dodged            |    22 |    22 |    68 |    61 |    14 ||   187
Block: Buckler           |       |       |    40 |    79 |     7 ||   126

Table legend: (Time is in decaauts)
 A = Elapsed time spent in this place.
 B = Non-inter-level travel time spent in this place.
 C = Inter-level travel time spent in this place.
 D = Time resting spent in this place.
 E = Time spent auto-exploring this place.
 F = Levels seen in this place.
 G = Mean time per level.
                   A        B        C        D        E       F      G
               +--------+--------+--------+--------+--------+-----+--------+
         Total |  23522 |  22675 |    847 |   6247 |  11244 |  22 | 1069.2 |
       Dungeon |  13522 |  13023 |    499 |   2813 |   7265 |  11 | 1229.3 |
        Temple |     79 |     55 |     24 |      0 |     48 |   1 |   79.0 |
          Lair |   7510 |   7203 |    307 |   2389 |   3419 |   6 | 1251.7 |
  Orcish Mines |   1144 |   1129 |     15 |    464 |    359 |   2 |  572.0 |
         Sewer |    330 |    330 |      0 |    150 |     55 |   1 |  330.0 |
        Bailey |    934 |    934 |      0 |    431 |     97 |   1 |  934.0 |
               +--------+--------+--------+--------+--------+-----+--------+

Top non-repeatable levels by time:
     D:5: 1878 daAuts
  Lair:4: 1875 daAuts
  Lair:3: 1654 daAuts
     D:8: 1533 daAuts
     D:3: 1450 daAuts
     D:2: 1421 daAuts
  Lair:5: 1418 daAuts
     D:6: 1415 daAuts
  Lair:1: 1293 daAuts
     D:9: 1255 daAuts
     D:7: 1229 daAuts
  Lair:2: 1222 daAuts
    D:10: 1096 daAuts
     D:1: 1022 daAuts
  Bailey: 934 daAuts
